 Dungeon Sprint DCSS version 0.01-2087-gb5e28fc70b (webtiles) character file.

Game seed: 15472901111097612503, levelgen mode: deterministic

51 pasperui the Slasher (level 3, -4/24 HPs) Tengu Demigod. Began on June 2, 2020. Slain by a fire bat (9 damage) ... in the Dungeon (Sprint VII: "The Pits"). The game lasted 00:02:02 (198 turns).

pasperui the Slasher (Tengu Demigod)                 Turns: 198, Time: 00:02:03

Health: -4/24      AC:  8    Str: 17    XL:     3 ^: 8
Magic:  7/7        EV: 13    Int: 15    God:
Gold:   0          SH:  0    Dex: 16    Spells: 5/6 levels left

rFire    . . .     Vision   .   r - +2 long sword (molten)
rCold    . . .     Gourm    .   q - +2 falchion
rNeg     . . .     Faith    .   s - +3 ring mail
rPois    .         Spirit   .   (helmet restricted)
rElec    .         Reflect  .   (no cloak)
rCorr    .         Harm     .   (no gloves)
MR       .....     NoTele   +   (boots unavailable)
Stlth    +.........             (no amulet)
HPRegen  0.18/turn              (no ring)
MPRegen  0.17/turn              (no ring)

@: no status effects
A: beak, talons 3, high mp 1
a: no special abilities


You were in the Dungeon.
You were not hungry.

You visited 1 branch

Inventory:

Weapons
 a - a +0 long sword
 q - a +2 falchion (weapon)
 r - a +2 long sword of molten steel (weapon)
Armour
 b - a +0 leather armour
 s - a +3 ring mail (worn)
 t - a +2 plate armour
Scrolls
 j - a scroll of blinking
 l - a scroll of bless item
 m - 5 scrolls of amnesia
 n - a scroll of summoning
 p - 2 scrolls of vulnerability
Potions
 e - 6 potions of curing
 f - 6 potions of heal wounds
 g - a potion of haste
 h - 4 potions of magic
 i - 3 potions of berserk rage
 k - 2 potions of invisibility
Miscellaneous
 o - a crystal ball of energy
Comestibles
 c - 16 chunks of flesh
 d - 9 rations


   Skills:
 - Level 2.0 Fighting
 * Level 7.5 Long Blades
 - Level 3.2 Dodging
 - Level 2.0 Stealth
 - Level 2.0 Spellcasting


You had 5 spell levels left.
You knew the following spells:

 Your Spells              Type           Power        Failure   Level  Hunger
a - Flame Tongue          Fire           1 (40)       30%         1    #......

Your spell library contained the following spells:

 Spells                   Type           Power        Failure   Level  Hunger
 Blink                    Tloc           N/A          41%         2    ###....
 Call Imp                 Summ           1 (100)      41%         2    ###....
 Slow                     Hex            1 (100)      41%         2    ###....
 Conjure Flame            Fire           1 (100)      65%         3    ###....
 Mephitic Cloud           Pois/Air       1 (100)      65%         3    ###....


Dungeon Overview and Level Annotations

Branches:
Dungeon (1/1)


Innate Abilities, Weirdness & Mutations

You have a beak for a mouth.
You have claws for feet.
You have an increased reservoir of magic. (+10% MP)


Message History

The fire bat bites you but does no damage.
The fire bat closely misses you (0).
You riposte.
You hit the fire bat (4).
The fire bat is lightly wounded. (18/22) HP The fire bat closely misses you (0).
You riposte.
You hit the fire bat (3).
The fire bat is moderately wounded. (15/22) HP The fire bat barely misses you (0).
The fire bat barely misses you (0).
There is an open door here.
The fire bat bites you (1).
You are engulfed in flames (8)!
* * * LOW HITPOINT WARNING * * *
The fire bat bites you but does no damage.
The fire bat barely misses you (0).
You riposte.
You barely miss the fire bat. You hit the fire bat (1).
The fire bat is moderately wounded. (14/22) HP You hit the fire bat (2).
The fire bat is heavily wounded. (12/22) HP The fire bat bites you (2).
* * * LOW HITPOINT WARNING * * *
You are engulfed in flames (9)!
You die...

##########
________.#
________.#
______...#########
##########'##.......
#....')))'.##......#
##########.##.......
#.b@......÷.'.......
#'#####'#####......#
#.#..#..['.##.......
#g#..#...#.#####'###
#.#..#####.##.......
#c#..'..)#.##.......
#h#..'..)†.##.......
#o#..########...<...
#.#..'.).).##.......


You could see a fire bat.

Vanquished Creatures
  Jessica (D)
  An ufetubus (D)
  An ooze (D)
  A leopard gecko (D)
  2 orcs (D)
  6 jackals (D)
  A ball python (D)
13 creatures vanquished.

Notes
Turn   | Place    | Note
-------+----------+-------------------------------------------
     0 | D        | pasperui the Tengu Demigod began the quest for the Orb.
     0 | D        | Reached XP level 1. HP: 14/14 MP: 4/4
    12 | D        | Reached skill level 3 in Long Blades
    18 | D        | Found a bloodstained altar of Trog.
    18 | D        | Found a shimmering blue altar of Sif Muna.
    18 | D        | Found a viscous altar of Jiyva.
    18 | D        | Found a hazy altar of Hepliaklqana.
    18 | D        | Found an opulent altar of Gozag.
    19 | D        | Found a glowing golden altar of the Shining One.
    19 | D        | Found a glowing silver altar of Zin.
    19 | D        | Found a basalt altar of Yredelemnul.
    19 | D        | Found a shimmering altar of Xom.
    19 | D        | Found an ornate altar of the Wu Jian Council.
    19 | D        | Found a sacrificial altar of Ru.
    19 | D        | Found a stormy altar of Qazlal.
    19 | D        | Found an iron altar of Okawaru.
    19 | D        | Found a sparkling altar of Nemelex Xobeh.
    19 | D        | Found a burning altar of Makhleb.
    19 | D        | Found a blossoming altar of Fedhas.
    19 | D        | Found a white marble altar of Elyvilon.
    19 | D        | Found a shadowy altar of Dithmenos.
    19 | D        | Found a snail-covered altar of Cheibriados.
    20 | D        | Found a radiant altar of Vehumet.
    20 | D        | Found a corrupted altar of Lugonu.
    20 | D        | Found a roughly hewn altar of Beogh.
    56 | D        | Reached skill level 4 in Long Blades
    56 | D        | Reached XP level 2. HP: 19/19 MP: 6/6
    66 | D        | Reached skill level 5 in Long Blades
    79 | D        | Noticed Jessica
    86 | D        | Reached skill level 6 in Long Blades
    87 | D        | Reached XP level 3. HP: 23/24 MP: 7/7
    89 | D        | Killed Jessica
    89 | D        | Reached skill level 7 in Long Blades
   185 | D        | Noticed a fire bat
   186 | D        | Noticed a floating eye
   186 | D        | Noticed a centaur
   198 | D        | Slain by a fire bat

Levels and vault maps discovered:
D:        pitsprint [storerooms_1, entrance_room_1, metal_vault_7, armoury_2,
          mini_pit_1, grid_room_1, main_hall_1, silver_pit, the_coven_3,
          the_vestibule_1, steel_vault_3, golden_pit, hallway_of_sentries,
          crystal_vault_5, iron_vault_1, final_vault]

Skill      XL: |  1  2  3 |
---------------+----------+-----
Long Blades    | 4 6 7 |  7.5
Fighting       | |  2.0
Dodging        | |  3.2
Stealth        | |  2.0
Spellcasting   | |  2.0

Action                   || total
-------------------------++-------
Melee: Long sword        ||    17
       Falchion          ||    13
       Kick              ||     6
       Unarmed           ||     1
       Peck              ||     2
 Stab: Sleeping          ||     1
Armor: Leather armour    ||     2
       Ring mail         ||     3
Dodge: Dodged            ||    25
       Rpst.: Falchion   ||     5
       Long sword        ||     6
